 Dungeon Crawl Stone Soup version 0.31-a0-246-g8cbcc1cb85 (webtiles) character file.

Game seed: 5910704279518799641

398 Newt the Skirmisher (level 7, -5/44 HPs)
             Began as a Kobold Hunter on July 12, 2023.
             Killed from afar by Dowan (26 damage)
             ... with a shard of ice
             ... on level 4 of the Dungeon.
             The game lasted 00:03:43 (3168 turns).

Newt the Skirmisher (Kobold Hunter)                 Turns: 3168, Time: 00:03:44

Health: -5/44      AC:  4    Str:  9    XL:     7   Next: 10%
Magic:  7/7        EV: 14    Int: 10    God:
Gold:   151        SH:  0    Dex: 20    Spells: 6/6 levels left

rFire   . . .        a - +0 shortbow
rCold   . . .        (shield currently unavailable)
rNeg    . . .        c - +1 leather armour
rPois   .            (no helmet)
rElec   .            (no cloak)
rCorr   .            (no gloves)
SInv    .            (no boots)
Will    .....        p - amulet of regeneration
Stlth   +            (no ring)
HPRegen 1.07/turn    (no ring)
MPRegen 0.10/turn

%: no passive effects
@: lit by a corona, glowing
A: small, no large weapons, nightstalker 3
a: no special abilities


You were on level 4 of the Dungeon.
You visited 1 branch of the dungeon, and saw 4 of its levels.

You collected 151 gold pieces.

Inventory:

Hand Weapons
 a - a +0 shortbow (weapon)
 d - a +0 sling
Armour
 c - a +1 leather armour (worn)
Jewellery
 h - a ring of fire
 p - an amulet of regeneration (around neck)
Scrolls
 b - a scroll of butterflies
 k - a scroll of fear
 q - a scroll of enchant armour
Potions
 e - a potion of curing
 f - a potion of attraction
 i - a potion of enlightenment {unknown}
 l - a potion of ambrosia {unknown}
 m - a potion of might
 n - a potion of magic {unknown}
 o - a potion of mutation {unknown}


   Skills:
 - Level 5.0 Fighting
 + Level 8.9 Ranged Weapons
 - Level 2.4 Dodging
 - Level 1.3 Stealth


You had 6 spell levels left.
You didn't know any spells.
Your spell library contained the following spells:

 Spells                   Type           Power      Damage    Failure   Level
 Lesser Beckoning         Tloc           0%         N/A       63%         2
 Gell's Gravitas          Tloc           0%         N/A       85%         3
 Teleport Other           Tloc           0%         N/A       85%         3


Dungeon Overview and Level Annotations

Branches:
Dungeon (4/15)
 Temple: D:4-7

Altars:
Ashenzari
Fedhas
Ru
Uskayaw
Yredelemnul

Annotations:
D:4 Dowan


Innate Abilities, Weirdness & Mutations

You are small and have problems with some larger weapons.
You are completely attuned to the shadows.


Message History

Dowan mumbles some strange words.
Dowan blinks!
Duvessa says, "Where magic fails, the sword succeeds!"
Duvessa hits you with a +0 short sword.
* * * LOW HITPOINT WARNING * * *
Unknown command.
Okay, then.
It was a potion of heal wounds.
You feel much better. Duvessa closely misses you.
Unknown command.
You shoot an arrow. The arrow barely misses Duvessa.
Duvessa barely misses you.
You shoot an arrow. The arrow hits Duvessa.
Duvessa is severely wounded.
Duvessa misses you.
You shoot an arrow.
The arrow hits Duvessa but does no damage.
Duvessa is severely wounded.
Dowan casts a spell at you.
You are outlined in light.
Duvessa hits you with a +0 short sword.
You shoot an arrow. The arrow barely misses Duvessa.
You feel a little less mighty now.
You shoot an arrow. The arrow hits Duvessa.
Duvessa is almost dead.
Dowan casts a spell at you. The puff of flame hits you.
Duvessa hits you with a +0 short sword!
* * * LOW HITPOINT WARNING * * *
Duvessa hits you with a +0 short sword!
* * * LOW HITPOINT WARNING * * *
You feel much better.
Dowan says, "There's a certain beauty in death, don't you think?"
Duvessa completely misses you.
Unknown command.
You shoot an arrow. The arrow hits Duvessa.
You kill Duvessa!
Dowan screams, "No!
No!"
Dowan seems to find hidden reserves of power!
Dowan points at you and mumbles some strange words.
The shard of ice hits you!!
Ouch! That really hurt!
You die...

#'##### ##...≈# #...≈#
#†..≈# #...≈# .e
######≈≈≈≈## .#
.....#####'# .#
...........#########.#
..............e.@)...#
~.........############
≈≈........#
.≈≈.......#
..≈.†.....#
..≈≈......# .##≈)####
≈##≈.# ~###.###


You could see Dowan (fast).

Vanquished Creatures
  Duvessa (D:4)
  An ogre (D:4)
  A phantom (D:3)
  A jelly (D:4)
  A hound (D:4)
  Jessica (D:2)
  Terence (D:2)
  3 gnolls (D:3)
  2 adders
  2 dart slugs
  8 ball pythons
  4 endoplasms
  3 giant cockroaches
  6 goblins
  8 hobgoblins
  6 jackals
  6 kobolds
  6 quokkas
  8 bats
  3 frilled lizards
  6 rats
78 creatures vanquished.

Notes
Turn   | Place    | Note
-------+----------+-------------------------------------------
     0 | D:1      | Newt the Kobold Hunter began the quest for the Orb.
     0 | D:1      | Reached XP level 1. HP: 12/12 MP: 1/1
    79 | D:1      | Reached XP level 2. HP: 18/18 MP: 2/2
   162 | D:1      | Reached XP level 3. HP: 13/23 MP: 3/3
  1092 | D:2      | Noticed Jessica
  1096 | D:2      | Killed Jessica
  1097 | D:2      | Reached XP level 4. HP: 30/30 MP: 4/4
  1308 | D:2      | Noticed Terence
  1343 | D:2      | Killed Terence
  1344 | D:2      | Reached skill level 5 in Fighting
  1344 | D:2      | Reached XP level 5. HP: 11/35 MP: 5/5
  2004 | D:3      | Reached skill level 6 in Ranged Weapons
  2102 | D:3      | Noticed a phantom
  2113 | D:3      | Killed a phantom
  2114 | D:3      | Reached skill level 7 in Ranged Weapons
  2125 | D:3      | Reached XP level 6. HP: 40/40 MP: 6/6
  2762 | D:4      | Noticed an ogre
  2770 | D:4      | Killed an ogre
  2771 | D:4      | Reached skill level 8 in Ranged Weapons
  2791 | D:4      | Found a blossoming altar of Fedhas.
  2792 | D:4      | Found a hide-covered altar of Uskayaw.
  2804 | D:4      | Found a basalt altar of Yredelemnul.
  2863 | D:4      | Found a broken altar of Ashenzari.
  2888 | D:4      | Found a sacrificial altar of Ru.
  3015 | D:4      | Reached XP level 7. HP: 44/44 MP: 7/7
  3103 | D:4      | Noticed Duvessa
  3103 | D:4      | Noticed Dowan
  3168 | D:4      | Killed Duvessa
  3168 | D:4      | Killed from afar by Dowan

Illustrated notes

Levels and vault maps discovered:
D:1:      ncdulo_wetmaze, layout_loops_cross, minmay_pentomino_t4
D:2:      layout_basic, uniq_terence, uniq_jessica
D:3:      layout_loops_ring
D:4:      layout_basic, nicolae_overflow_macrodata_refinement,
          nicolae_ru_sacrificial_ziggurat, serial_rivers,
          chequers_serial_rivers_room_a, chequers_serial_rivers_micro_e,
          chequers_serial_rivers_small_b, chequers_serial_rivers_micro_d,
          chequers_serial_rivers_micro_d, chequers_serial_rivers_room_a,
          minmay_quantized, uniq_duvessa

Skill      XL: |  1  2  3  4  5  6 |
---------------+-------------------+-----
Fighting       | 3 4 5 |  5.0
Ranged Weapons | 7 8 |  8.9
Dodging        | |  2.4
Stealth        | |  1.3

Action                     |  1- 3 |  4- 6 |  7- 9 || total
---------------------------+-------+-------+-------++-------
   Fire: Shortbow          |    75 |   138 |    55 ||   268
    Use: Scroll            |     8 |     3 |     1 ||    12
         Potion            |       |       |     5 ||     5
 Armour: Leather armour    |    17 |    17 |     1 ||    35
         Skin              |       |       |    27 ||    27
  Dodge: Dodged            |    41 |    51 |    23 ||   115

Table legend: (Time is in decaauts)
 A = Elapsed time spent in this place.
 B = Non-inter-level travel time spent in this place.
 C = Inter-level travel time spent in this place.
 D = Time resting spent in this place.
 E = Time spent auto-exploring this place.
 F = Levels seen in this place.
 G = Mean time per level.
                   A        B        C        D        E       F      G
               +--------+--------+--------+--------+--------+-----+--------+
         Total |   3210 |   3163 |     47 |    567 |   2102 |   4 |  802.5 |
       Dungeon |   3210 |   3163 |     47 |    567 |   2102 |   4 |  802.5 |
               +--------+--------+--------+--------+--------+-----+--------+

Top non-repeatable levels by time:
     D:2: 1201 daAuts
     D:1: 803 daAuts
     D:3: 785 daAuts
     D:4: 419 daAuts
